[Event "Titled Tuesday Blitz April 11 Early 2023"]
[White "Mirzoev, Azer"]
[Black "Hadzimanolis, Antonios"]
[WhiteFideId "13400304"]
[BlackFideId "4202813"]
[WhiteElo "2525"]
[BlackElo "2242"]
[Result "1-0"]
[Round "10"]
[TimeControl "180+2"]
[Date "2023.04.11"]
[WhiteClock "0:00:15"]
[BlackClock "0:00:01"]

1. c4 Nf6 2. Nc3 e6 3. e4 d5 4. e5 d4 5. exf6 dxc3 6. bxc3 gxf6 7. d4 c5 8. Nf3 Nc6 9. d5 Ne5 10. Be2 Rg8 11. O-O Bd6 12. Nxe5 Bxe5 13. Rb1 Qc7 14. g3 exd5 15. Qxd5 Rb8 16. Bh5 Bg4 17. Bxg4 Rxg4 18. Re1 Kf8 19. Bh6+ Kg8 20. Qf3 Rg6 21. Bd2 b6 22. Rbd1 Rd8 23. Bc1 Rd6 24. Kg2 Qd8 25. Rd5 Rxd5 26. cxd5 b5 27. h4 c4 28. h5 Rg7 29. Bh6 a5 30. Bxg7 Kxg7 31. Re4 Kf8 32. Rg4 Qd7 33. h6 Ke7 34. Rg7 b4 35. cxb4 c3 36. Qe4 axb4 37. Qxb4+ Qd6 38. Qb7+ Qc7 39. Qxc7+ Bxc7 40. Rg4 Kd6 41. Rc4 Ba5 42. Kf3 Kxd5 43. Rc8 Kd4 44. Ke2 Ke4 45. a4 Kd4 46. Rc6 f5 47. Rc8 Kd5 48. f3 Kd4 49. Rc6 Bb4 50. Rc8 Ba5 51. g4 fxg4 52. fxg4 Ke4 53. Rc4+ Kd5 54. Kd3 Bd8 55. Rxc3 Ke5 56. a5 1-0


[Site "https://www.chess.com"]

[Event "Titled Tuesday Blitz April 11 Early 2023"]
[White "Idani, Pouya"]
[Black "Leenhouts, Koen"]
[WhiteFideId "12510130"]
[BlackFideId "1008439"]
[WhiteElo "2574"]
[BlackElo "2409"]
[Result "1-0"]
[Round "10"]
[TimeControl "180+2"]
[Date "2023.04.11"]
[WhiteClock "0:00:20"]
[BlackClock "0:00:02"]

1. e4 c5 2. Nf3 e6 3. c3 Nf6 4. e5 Nd5 5. d4 cxd4 6. cxd4 d6 7. Nc3 Nxc3 8. bxc3 Bd7 9. Ng5 Be7 10. Qh5 Bxg5 11. Bxg5 Qa5 12. Bd2 Nc6 13. f4 Ne7 14. Bd3 Ng6 15. Qg4 O-O 16. h4 dxe5 17. fxe5 f5 18. Qg5 Bc6 19. h5 Nh8 20. h6 g6 21. Qe7 Rf7 22. Qxe6 Bd5 23. Qd6 Rd8 24. c4 Rxd6 25. Bxa5 Bxg2 26. exd6 Bxh1 27. Kd2 Bc6 28. d5 Bd7 29. c5 g5 30. Bc4 Ng6 31. c6 bxc6 32. dxc6 Bxc6 33. Bxf7+ Kxf7 34. Rc1 Bd7 35. Rc7 Ke6 36. Bb4 f4 37. Rxa7 g4 38. a4 g3 39. Bc5 Ne5 40. a5 Nc6 41. Ra8 Kd5 42. Bg1 f3 43. a6 f2 44. Bxf2 gxf2 45. Ke2 Kxd6 46. a7 Nxa7 47. Rxa7 Bf5 48. Kxf2 Ke5 49. Kg3 Kf6 50. Kh4 Bg6 51. Ra6+ Kf5 52. Ra5+ Kf6 53. Kg4 Be4 54. Ra6+ Kf7 55. Kg5 Bg6 56. Ra7+ Ke6 57. Rg7 Bd3 58. Ra7 Be4 59. Ra6+ Kf7 60. Rf6+ Ke7 61. Rf1 Bg6 62. Rf6 Bd3 63. Rb6 Bc2 64. Kf4 Bd3 65. Ke5 Bc2 66. Rb7+ Kf8 67. Rg7 Bd3 68. Kf6 Bc2 69. Rc7 Bg6 70. Rc8+ Be8 71. Ra8 Kg8 72. Rxe8# 1-0


[Site "https://www.chess.com"]

[Event "Titled Tuesday Blitz April 11 Early 2023"]
[White "Al-Tarboush, Ward"]
[Black "Toncheva, Nadya"]
[WhiteFideId "7601450"]
[BlackFideId "2924056"]
[WhiteElo "2265"]
[BlackElo "2101"]
[Result "1-0"]
[Round "10"]
[TimeControl "180+2"]
[Date "2023.04.11"]
[WhiteClock "0:01:16"]
[BlackClock "0:00:05"]

1. e4 c5 2. Nf3 Nc6 3. d4 cxd4 4. Nxd4 g6 5. c4 Bg7 6. Be3 Nf6 7. Nc3 O-O 8. Be2 d6 9. O-O Bd7 10. f3 Nxd4 11. Bxd4 a5 12. b3 Bc6 13. Qd2 Nd7 14. Bxg7 Kxg7 15. Rfd1 Qb6+ 16. Kh1 Nc5 17. Rab1 Qb4 18. Qb2 Kg8 19. a3 Qb6 20. b4 axb4 21. axb4 Na4 22. Nxa4 Bxa4 23. Rdc1 Bd7 24. Qd2 Be6 25. c5 dxc5 26. bxc5 Qc7 27. Rb5 Ra2 28. Qe3 Rd8 29. Rcb1 Rdd2 30. Bf1 Bh3 31. Rxb7 Bxg2+ 32. Bxg2 Qe5 33. Qh6 Rdb2 34. R7xb2 Rxb2 35. Rxb2 Qxb2 36. Qe3 Qb1+ 37. Qg1 Qc2 38. h3 h5 39. Kh2 Kg7 40. Qd4+ f6 41. e5 fxe5 42. Qxe5+ Kf7 43. Qd5+ Kg7 44. c6 Qc1 45. Qe5+ Kf7 46. c7 h4 47. f4 Qc2 48. Qd5+ Kg7 49. Qd7 Qf2 50. Qxe7+ Kh6 51. Qg5+ Kg7 52. c8=Q Qg3+ 53. Qxg3 hxg3+ 54. Kxg3 1-0


[Site "https://www.chess.com"]

[Event "Titled Tuesday Blitz April 11 Early 2023"]
[White "Ambartsumova, Karina"]
[Black "Vovk, Orest"]
[WhiteFideId "4166299"]
[BlackFideId "14113490"]
[WhiteElo "2240"]
[BlackElo "2215"]
[Result "1-0"]
[Round "10"]
[TimeControl "180+2"]
[Date "2023.04.11"]
[WhiteClock "0:00:04"]
[BlackClock "0:00:03"]

1. e4 g5 2. d4 g4 3. Qxg4 d5 4. Qf3 dxe4 5. Qxe4 Nf6 6. Qd3 Nc6 7. Nf3 Bg4 8. c3 Qd5 9. Bf4 O-O-O 10. Nbd2 Rg8 11. h3 Bf5 12. Qb5 Qxb5 13. Bxb5 Rxg2 14. Bxc6 bxc6 15. Ne5 Nh5 16. Be3 f6 17. Nxc6 Rd6 18. Nxa7+ Kb7 19. Nb5 Rb6 20. a4 c6 21. Na3 Rxb2 22. Ndc4 Ng3 23. fxg3 Rbe2+ 24. Kd1 Bd3 25. Re1 Ra2 26. Rxa2 Rxa2 27. Bc1 Rh2 28. h4 Bf5 29. Ne3 Be4 30. Bd2 e5 31. Nac4 Bd3 32. Kc1 e4 33. a5 Ka6 34. Rg1 Kb5 35. Nb2 Kxa5 36. Nxd3 exd3 37. Rf1 Ba3+ 38. Kd1 Ka4 39. Rxf6 Kb3 40. Rf1 Bb2 41. g4 Bxc3 42. Bxc3 Kxc3 43. Ke1 Re2+ 44. Kd1 Rxe3 45. Rf6 Rh3 46. Rxc6+ Kxd4 47. Rd6+ Ke3 48. Re6+ Kd4 49. Rd6+ Ke3 50. Re6+ Kf4 51. g5 1-0


[Site "https://www.chess.com"]

[Event "Titled Tuesday Blitz April 11 Early 2023"]
[White "Yurasova, Daria"]
[Black "Jeet, Jain"]
[WhiteFideId "34146919"]
[BlackFideId "5073022"]
[WhiteElo "2134"]
[BlackElo "2067"]
[Result "1-0"]
[Round "10"]
[TimeControl "180+2"]
[Date "2023.04.11"]
[WhiteClock "0:00:12"]
[BlackClock "0:00:27"]

1. d4 c6 2. Nf3 d5 3. Bf4 Nf6 4. e3 Bf5 5. Bd3 Bxd3 6. Qxd3 Qb6 7. Nbd2 Nbd7 8. O-O e6 9. h3 c5 10. c4 Be7 11. b3 O-O 12. Rac1 Rac8 13. Rfd1 Rfd8 14. Qe2 Qa6 15. Nf1 cxd4 16. exd4 dxc4 17. bxc4 Nb6 18. Ne3 Ba3 19. Rc2 h6 20. Bg3 Ne4 21. Bh2 Na4 22. Qd3 Nac5 23. Qe2 Na4 24. Qd3 Nac5 25. Qf1 Nd7 26. d5 Ndf6 27. Qd3 Nc5 28. Qd4 exd5 29. cxd5 Nce4 30. Rxc8 Rxc8 31. d6 Rd8 32. Nf5 Bc5 33. Qe5 Bxf2+ 34. Kh1 Bb6 35. Bg1 Bxg1 36. Kxg1 Qb6+ 37. Kh2 Qc5 38. Qf4 Rd7 39. Rc1 Qa5 40. Rc8+ Rd8 41. Rxd8+ Qxd8 42. Qe5 Qd7 43. N3d4 b6 44. Nb5 Nc5 45. Nc7 Ne6 46. Nd5 Nxd5 47. Qxd5 Kh7 48. Qd3 g6 49. Ne7 Nc5 50. Qd5 Qe6 51. Qc6 Ne4 52. Nc8 Qe5+ 53. Kg1 Qd4+ 54. Kh2 Nf6 55. d7 Nxd7 56. Nxa7 Qe5+ 57. Kg1 Qd4+ 58. Kh2 h5 59. Nb5 Ne5 60. Nxd4 Nxc6 61. Nxc6 Kg7 62. Kg3 Kf6 63. Nb4 Ke6 64. Kf3 Kd6 65. Ke3 Kc5 66. Nd3+ Kc4 67. Ne5+ Kc3 68. Nxf7 Kb2 69. Kd4 Kxa2 70. Kc4 Kb2 71. Ne5 g5 72. g4 hxg4 73. hxg4 Kc2 74. Nf3 b5+ 75. Kxb5 Kd3 76. Nxg5 Ke3 77. Nh3 Ke4 78. g5 Kf5 79. Kc5 Kg4 80. Kd5 Kxh3 81. g6 Kh4 82. g7 1-0


[Site "https://www.chess.com"]

[Event "Titled Tuesday Blitz April 11 Early 2023"]
[White "slidingknight2775"]
[Black "Lopez, Henry"]
[BlackFideId "5203830"]
[WhiteElo "2577"]
[BlackElo "2177"]
[Result "0-1"]
[Round "10"]
[TimeControl "180+2"]
[Date "2023.04.11"]
[WhiteClock "0:00:08"]
[BlackClock "0:00:07"]

1. d4 d5 2. c4 c6 3. Nf3 Nf6 4. Qc2 dxc4 5. Qxc4 Bf5 6. g3 e6 7. Bg2 Nbd7 8. O-O Be7 9. Nc3 h6 10. Bf4 O-O 11. Rac1 a5 12. a4 Qb6 13. Ne5 Rfd8 14. e4 Bh7 15. Be3 Qb4 16. Qa2 Nxe5 17. dxe5 Ng4 18. Bf4 g5 19. Bh3 h5 20. Bxg4 hxg4 21. Be3 Bxe4 22. Nxe4 Qxe4 23. Qc4 Qf5 24. Rfd1 Qf3 25. Bb6 Rd5 26. Re1 Kg7 27. Qe4 Rd2 28. Qxf3 gxf3 29. Re3 g4 30. Re4 Rxb2 31. Rxg4+ Kf8 32. Be3 Rd8 33. Rf4 Rb4 34. Rxf3 Rxa4 35. Bh6+ Ke8 36. Rb1 Rb4 37. Ra1 a4 38. Be3 b5 39. Rc1 Rc8 40. Bc5 Rb3 41. Bxe7 Rxf3 42. Bd6 a3 43. h4 Kd7 44. h5 Rb3 45. h6 b4 46. Rd1 a2 47. Bxb4+ Kc7 48. Bd6+ Kb7 49. Ba3 Rxa3 50. Rd7+ Kb6 51. Rxf7 a1=Q+ 52. Kg2 Qb1 53. Rf4 Qg6 54. h7 Qxh7 55. Rb4+ Kc5 56. Rf4 Qd3 57. Rh4 Qd5+ 58. Kg1 Ra1+ 59. Kh2 Rh1# 0-1


[Site "https://www.chess.com"]

[Event "Titled Tuesday Blitz April 11 Early 2023"]
[White "Pham, Le Thao Nguyen"]
[Black "Chernov, Mikhail"]
[WhiteFideId "12401226"]
[BlackFideId "24143170"]
[WhiteElo "2286"]
[BlackElo "2113"]
[Result "1-0"]
[Round "10"]
[TimeControl "180+2"]
[Date "2023.04.11"]
[WhiteClock "0:00:11"]
[BlackClock "0:00:04"]

1. d4 d5 2. Nf3 Nc6 3. Bf4 Bg4 4. Nbd2 e6 5. c3 Bd6 6. Bg3 Nf6 7. Qb3 Bxf3 8. exf3 Rb8 9. Bd3 O-O 10. O-O e5 11. dxe5 Nxe5 12. Bc2 Ng6 13. Rfe1 Nf4 14. Qa4 N6h5 15. Qxa7 Re8 16. Nf1 Qg5 17. Qa4 Ne2+ 18. Kh1 f5 19. Bxd6 cxd6 20. Bd3 Nhf4 21. Ng3 Nxg3+ 22. fxg3 Rxe1+ 23. Rxe1 Nxd3 24. Re8+ Kf7 25. Qd7+ Kg6 26. Re6+ Kh5 27. Qf7+ g6 28. h4 Qc1+ 29. Kh2 Nf2 30. Qxh7+ Qh6 31. Qf7 Rf8 32. Rxg6 Qxg6 33. Qxf8 Nd3 34. Qh8+ Qh6 35. g4+ fxg4 36. fxg4+ Kg6 37. Qe8+ Kg7 38. Qe7+ Kg8 39. Qe8+ Qf8 40. Qg6+ Qg7 41. Qxd3 Qxg4 42. Qxd5+ Kf8 43. Qxd6+ Kf7 44. Qg3 Qe2 45. Qf3+ 1-0


[Site "https://www.chess.com"]

[Event "Titled Tuesday Blitz April 11 Early 2023"]
[White "Janaszak, Dawid"]
[Black "Rios Escobar, Adan"]
[WhiteFideId "1119206"]
[BlackFideId "3403645"]
[WhiteElo "2220"]
[BlackElo "2464"]
[Result "1-0"]
[Round "10"]
[TimeControl "180+2"]
[Date "2023.04.11"]
[WhiteClock "0:01:13"]
[BlackClock "0:00:22"]

1. e4 c5 2. Nc3 d6 3. f4 Nc6 4. Nf3 g6 5. Bc4 Bg7 6. O-O e6 7. d4 cxd4 8. Nb5 Nf6 9. e5 dxe5 10. fxe5 O-O 11. exf6 Bxf6 12. c3 dxc3 13. Qxd8 Rxd8 14. bxc3 a6 15. Nbd4 Nxd4 16. cxd4 Bxd4+ 17. Nxd4 Rxd4 18. Bb3 b5 19. Bb2 Rd2 20. Rf2 Rxf2 21. Kxf2 Bb7 22. Rd1 a5 23. Rd7 Be4 24. Bf6 a4 25. Bd1 Bd5 26. a3 Rb8 27. Be2 Bc6 28. Rc7 Be8 29. Ke3 b4 30. axb4 Rxb4 31. Rc8 Kf8 32. Bf3 Rb3+ 33. Kf4 Rb5 34. Rxe8+ Kxe8 35. Bc6+ Kf8 36. Bxb5 a3 37. Bc4 Ke8 38. Bc3 Kd7 39. Bb4 f6 40. Bxa3 e5+ 41. Ke4 Kc6 42. Bg8 h6 43. Bh7 g5 44. Kf5 Kd5 45. Kxf6 e4 46. Bc1 Kd4 47. Kg7 e3 48. Bxe3+ Kxe3 49. Kxh6 g4 50. Kg5 Kf2 51. Kxg4 Kxg2 52. h4 Kf2 53. h5 Ke3 54. Kf5 Kd4 55. h6 Kd5 56. Kf6 Kd6 57. Bf5 Kd5 58. h7 Kd4 59. h8=Q Ke3 60. Qh3+ Kf4 61. Qg4+ Ke3 62. Ke5 Kf2 63. Qh3 Ke2 64. Kd4 Kf2 65. Qh2+ Kf3 66. Be4+ Kg4 67. Qg2+ Kf4 68. Qf3+ Kg5 69. Qf5+ Kh4 70. Qg6 Kh3 71. Bf3 Kh2 72. Qg2# 1-0


[Site "https://www.chess.com"]

[Event "Titled Tuesday Blitz April 11 Early 2023"]
[White "Eynullayev, Atilla"]
[Black "Melikhov, Evgeny V."]
[WhiteFideId "13413570"]
[BlackFideId "4122046"]
[WhiteElo "2181"]
[BlackElo "2158"]
[Result "1-0"]
[Round "10"]
[TimeControl "180+2"]
[Date "2023.04.11"]
[WhiteClock "0:00:18"]
[BlackClock "0:00:01"]

1. d4 Nf6 2. c4 e6 3. Nc3 Bb4 4. e3 b6 5. Ne2 Ba6 6. a3 Bxc3+ 7. Nxc3 d5 8. b3 c5 9. Bb2 O-O 10. Nb5 Bxb5 11. cxb5 a6 12. Rc1 axb5 13. dxc5 bxc5 14. Rxc5 Ne4 15. Rc1 b4 16. a4 Na6 17. h4 Nac5 18. f3 Nc3 19. Bxc3 bxc3 20. Rxc3 Qa5 21. Qd2 Rfb8 22. Bb5 Qb4 23. O-O e5 24. Rfc1 Ne6 25. Qxd5 Qxh4 26. a5 h5 27. a6 Qg3 28. Kf1 h4 29. Bd3 h3 30. gxh3 Qxh3+ 31. Ke2 Qg2+ 32. Kd1 Rd8 33. Qe4 Qf1+ 34. Kc2 Qf2+ 35. Kb1 Rab8 36. a7 Ra8 37. Qxa8 Rxa8 38. Rc8+ Rxc8 39. Rxc8+ Nf8 40. Rxf8+ Kxf8 41. a8=Q+ Ke7 42. Qa2 Qxe3 43. Qe2 Qd4 44. Bc4 f6 45. Qd3 Qc5 46. Qd5 Qb4 47. Qf7+ Kd6 48. Qf8+ Kc6 49. Qxb4 1-0


[Site "https://www.chess.com"]

[Event "Titled Tuesday Blitz April 11 Early 2023"]
[White "Kopczynski, Michal"]
[Black "Gontcharov, Vladislav"]
[WhiteFideId "1124200"]
[BlackFideId "4123492"]
[WhiteElo "2212"]
[BlackElo "2420"]
[Result "1-0"]
[Round "10"]
[TimeControl "180+2"]
[Date "2023.04.11"]
[WhiteClock "0:00:15"]
[BlackClock "0:00:16"]

1. e4 e6 2. d4 d5 3. Nc3 Bb4 4. e5 c5 5. dxc5 Bxc3+ 6. bxc3 Ne7 7. f4 Qa5 8. Nf3 Qxc3+ 9. Bd2 Qxc5 10. Bd3 Nbc6 11. Qe2 Nd4 12. Nxd4 Qxd4 13. Rb1 O-O 14. Be3 Qc3+ 15. Kf2 Nc6 16. Rb3 Qa5 17. Qh5 g6 18. Qg4 f5 19. Qe2 Qd8 20. h4 b6 21. h5 g5 22. fxg5 Nxe5 23. Bf4 Ng4+ 24. Kg3 Bd7 25. g6 Qf6 26. gxh7+ Kxh7 27. Re1 Rg8 28. Kh3 Qf7 29. Kh4 Be8 30. Qxe6 Qxh5+ 31. Kg3 Qh2+ 32. Kf3 Ne5+ 33. Qxe5 Qxg2+ 34. Ke3 Bg6 35. Kd4 Rae8 36. Qc7+ Rg7 37. Rxe8 Rxc7 38. Bxc7 Bxe8 39. Bxf5+ Bg6 40. Bxg6+ Kxg6 41. Rg3+ Qxg3 42. Bxg3 Kf5 43. Kxd5 1-0


[Site "https://www.chess.com"]

[Event "Titled Tuesday Blitz April 11 Early 2023"]
[White "Mazurkiewicz, Michal"]
[Black "Sharapov, Evgeny"]
[WhiteFideId "1124943"]
[BlackFideId "14103133"]
[WhiteElo "2054"]
[BlackElo "2367"]
[Result "1-0"]
[Round "10"]
[TimeControl "180+2"]
[Date "2023.04.11"]
[WhiteClock "0:00:54"]
[BlackClock "0:01:23"]

1. e4 c5 2. Nf3 d6 3. g3 Nc6 4. Bg2 Nf6 5. d3 g6 6. O-O Bg7 7. Re1 O-O 8. e5 dxe5 9. Nxe5 Nxe5 10. Rxe5 Nd7 11. Re1 Rb8 12. Nd2 b6 13. Nc4 Bb7 14. Bf4 Bxg2 15. Kxg2 Rc8 16. a4 Re8 17. h4 h5 18. c3 Nf6 19. Ne5 Qd5+ 20. Qf3 Qxf3+ 21. Kxf3 Nd5 22. Bd2 Red8 23. a5 b5 24. Rad1 a6 25. c4 bxc4 26. dxc4 Nb4 27. Bxb4 cxb4 28. Rxd8+ Rxd8 29. Nc6 Rd3+ 30. Re3 Rxe3+ 31. Kxe3 b3 32. Nd4 Kf8 33. Kd3 Ke8 34. Nxb3 Bxb2 35. Nc5 Ba3 36. Nxa6 Kd7 37. Kc3 Kc6 38. Nb4+ Kc5 39. Nd3+ Kd6 40. Kb3 1-0


[Site "https://www.chess.com"]

[Event "Titled Tuesday Blitz April 11 Early 2023"]
[White "Koridze, Lile"]
[Black "Berezin, Viktor"]
[WhiteFideId "13612514"]
[BlackFideId "14107872"]
[WhiteElo "2047"]
[BlackElo "2310"]
[Result "0-1"]
[Round "10"]
[TimeControl "180+2"]
[Date "2023.04.11"]
[WhiteClock "0:00:04"]
[BlackClock "0:00:24"]

1. d4 Nf6 2. c4 g6 3. Nc3 Bg7 4. e4 O-O 5. Nf3 d6 6. Be2 e5 7. d5 a5 8. Bg5 h6 9. Be3 Na6 10. Nd2 Nc5 11. f3 Nfd7 12. O-O f5 13. a3 a4 14. Rb1 f4 15. Bf2 g5 16. b4 axb3 17. Nxb3 Nxb3 18. Qxb3 b6 19. a4 Nf6 20. Na2 g4 21. Nb4 Qe8 22. Nc6 Kh7 23. fxg4 Bxg4 24. Bxg4 Nxg4 25. Ra1 f3 26. gxf3 Nf6 27. Bg3 Nh5 28. Kg2 Nf4+ 29. Bxf4 Rxf4 30. Ra2 Qh5 31. Kh1 Raf8 32. Raf2 Bf6 33. Rg2 Bg5 34. Rg3 Rh4 35. Qc2 Bf4 36. Rg2 Rh3 37. Rff2 Bg3 38. Rf1 Bf4 39. Ne7 Rxf3 40. Rff2 Be3 41. Rxf3 Qxf3 42. h3 Qxh3+ 43. Rh2 Rf1# 0-1


[Site "https://www.chess.com"]

[Event "Titled Tuesday Blitz April 11 Early 2023"]
[White "Shubenkova, Veronika"]
[Black "Moussard, Jules"]
[WhiteFideId "44124040"]
[BlackFideId "642908"]
[WhiteElo "2027"]
[BlackElo "2610"]
[Result "0-1"]
[Round "10"]
[TimeControl "180+2"]
[Date "2023.04.11"]
[WhiteClock "0:00:05"]
[BlackClock "0:00:41"]

1. e4 g6 2. d4 Bg7 3. c4 e6 4. Nc3 Ne7 5. Be3 O-O 6. f3 f5 7. Bd3 Nbc6 8. Nge2 d6 9. d5 Ne5 10. O-O b6 11. f4 Ng4 12. Qd2 exd5 13. exd5 Re8 14. Bd4 Nf6 15. Ng3 c5 16. Bxf6 Bxf6 17. Rae1 Bd7 18. Re2 Kg7 19. Rfe1 Qc7 20. Nf1 Ng8 21. h3 h5 22. g4 fxg4 23. hxg4 Rxe2 24. Rxe2 Bxg4 25. Rg2 Qe7 26. Nh2 Bd4+ 27. Kh1 Qh4 28. Be2 Re8 29. Qd3 Nf6 30. f5 Re3 31. Qd1 Bxc3 32. bxc3 Ne4 33. f6+ Kf7 34. Rxg4 hxg4 35. Qg1 Rxe2 0-1


[Site "https://www.chess.com"]

[Event "Titled Tuesday Blitz April 11 Early 2023"]
[White "Santos Flores, Alberto"]
[Black "Mikhailovsky, Vladimir"]
[WhiteFideId "3601234"]
[BlackFideId "34105414"]
[WhiteElo "2235"]
[BlackElo "2275"]
[Result "0-1"]
[Round "10"]
[TimeControl "180+2"]
[Date "2023.04.11"]
[WhiteClock "0:02:25"]
[BlackClock "0:01:27"]

1. e4 c6 2. d4 d5 3. Nc3 dxe4 4. Nxe4 Nf6 5. Nxf6+ exf6 6. c3 Bd6 7. Bd3 O-O 8. Ne2 Re8 9. O-O Nd7 10. Ng3 Nf8 11. Qh5 g6 12. Qh6 Ne6 13. f4 Bf8 14. Qh4 Nxd4 15. Bb1 Ne2+ 16. Nxe2 Rxe2 17. f5 g5 18. Qg4 Qb6+ 19. Kh1 Qf2 20. Rg1 Re1 0-1


[Site "https://www.chess.com"]

[Event "Titled Tuesday Blitz April 11 Early 2023"]
[White "Mouhamad, Joachim"]
[Black "Karttunen, Mika"]
[WhiteFideId "656410"]
[BlackFideId "502081"]
[WhiteElo "2125"]
[BlackElo "2396"]
[Result "0-1"]
[Round "10"]
[TimeControl "180+2"]
[Date "2023.04.11"]
[WhiteClock "0:00:03"]
[BlackClock "0:00:05"]

1. e4 e5 2. Nf3 Nc6 3. Bb5 Nf6 4. d3 d6 5. c3 Be7 6. O-O O-O 7. h3 Bd7 8. Ba4 a6 9. Re1 b5 10. Bc2 Re8 11. Nbd2 Bf8 12. Nf1 g6 13. d4 Bg7 14. d5 Ne7 15. a4 c6 16. dxc6 Bxc6 17. a5 d5 18. Nxe5 Nxe4 19. Nxc6 Nxc6 20. Ne3 d4 21. Ng4 f5 22. Nh6+ Bxh6 23. Bxh6 Qh4 24. Bxe4 fxe4 25. Bd2 Rf8 26. Rf1 d3 27. Qb3+ Rf7 28. Rae1 Nxa5 29. Qd5 Re8 30. Bg5 Qh5 31. f4 h6 32. Kh2 hxg5 33. fxg5 Qh7 34. Rf6 d2 35. Ref1 Rf8 36. Qe6 d1=Q 37. Rxd1 Kh8 38. Rxg6 Re7 39. Qd6 Nc4 40. Qxa6 Ra7 0-1


[Site "https://www.chess.com"]

[Event "Titled Tuesday Blitz April 11 Early 2023"]
[White "Leebit02"]
[Black "Skvortsov, Andrei"]
[BlackFideId "24108600"]
[WhiteElo "2449"]
[BlackElo "2259"]
[Result "1-0"]
[Round "10"]
[TimeControl "180+2"]
[Date "2023.04.11"]
[WhiteClock "0:00:09"]
[BlackClock "0:00:17"]

1. Nf3 f5 2. g3 d6 3. d4 g6 4. Bg2 Bg7 5. O-O Nf6 6. c4 O-O 7. Nc3 Nbd7 8. e4 Nxe4 9. Nxe4 fxe4 10. Ng5 Nf6 11. Nxe4 Nxe4 12. Bxe4 e5 13. Be3 c6 14. dxe5 dxe5 15. Bc5 Re8 16. Qe2 Be6 17. Rad1 Qf6 18. b3 h5 19. h4 Bh3 20. Rfe1 Bg4 21. f3 Be6 22. Kg2 a6 23. Rd3 Rad8 24. Red1 Rxd3 25. Qxd3 Bf5 26. Be3 Bxe4 27. Qxe4 Qe6 28. c5 Bf8 29. Qd3 Re7 30. Qd6 Kf7 31. Qd8 e4 32. Rf1 Kg8 33. fxe4 Qxe4+ 34. Kh2 Re8 35. Qg5 Qxe3 36. Qxg6+ Kh8 37. Qxh5+ Bh6 38. Rf3 Qe2+ 39. Kh3 Qe6+ 40. g4 Rg8 41. Qf5 Qxf5 42. Rxf5 Rf8 43. Rh5 Rf3+ 44. Kg2 Rc3 45. Rxh6+ Kg7 46. Rh5 Rc2+ 47. Kf3 Rxa2 48. Re5 Kf6 49. Rf5+ Kg6 50. h5+ Kh6 51. Rf6+ Kh7 52. Rf7+ Kh6 53. Rxb7 Rc2 54. b4 a5 55. bxa5 Rxc5 56. a6 Ra5 57. a7 c5 58. Kf4 c4 59. g5+ Kxh5 60. Rb6 1-0


[Site "https://www.chess.com"]

[Event "Titled Tuesday Blitz April 11 Early 2023"]
[White "Vlassov, Nikolai"]
[Black "Chandreyee, Hajra"]
[WhiteFideId "4103360"]
[BlackFideId "5056535"]
[WhiteElo "2324"]
[BlackElo "1725"]
[Result "1-0"]
[Round "10"]
[TimeControl "180+2"]
[Date "2023.04.11"]
[WhiteClock "0:00:17"]
[BlackClock "0:00:04"]

1. e4 e6 2. c4 d5 3. cxd5 exd5 4. Qb3 dxe4 5. Bc4 Qf6 6. Nc3 Qg6 7. Nge2 Bd6 8. O-O Nh6 9. d3 Bh3 10. Ng3 Bc8 11. Bxh6 gxh6 12. dxe4 Nc6 13. f4 Bc5+ 14. Kh1 Nd4 15. Qd1 Bg4 16. Bxf7+ Kxf7 17. f5 Qg5 18. Qd3 b6 19. e5 Rhg8 20. Nce4 Qh4 21. e6+ Kg7 22. f6+ Kh8 23. f7 Bxe6 24. fxg8=Q+ Rxg8 25. Nxc5 bxc5 26. Qe4 Qxe4 27. Nxe4 Bd5 28. Rf4 Ne6 29. Rh4 c4 30. Re1 Rf8 31. h3 c6 32. Kh2 Kg7 33. Rg4+ Kh8 34. Nc3 Nc5 35. Nxd5 cxd5 36. Re7 Nd3 37. Rgg7 Rf2 38. Rxh7+ Kg8 39. Reg7+ Kf8 40. Rxa7 d4 41. Rh8# 1-0


[Site "https://www.chess.com"]

[Event "Titled Tuesday Blitz April 11 Early 2023"]
[White "Zacurdajev, Dmitry"]
[Black "Dzagnidze, Nana"]
[WhiteFideId "4196309"]
[BlackFideId "13601903"]
[WhiteElo "2189"]
[BlackElo "2406"]
[Result "0-1"]
[Round "10"]
[TimeControl "180+2"]
[Date "2023.04.11"]
[WhiteClock "0:00:03"]
[BlackClock "0:00:22"]

1. d4 Nf6 2. c4 g6 3. Nc3 Bg7 4. e4 O-O 5. Nf3 d6 6. Be2 c5 7. d5 e6 8. O-O exd5 9. exd5 Bf5 10. Bd3 Bg4 11. h3 Bxf3 12. Qxf3 a6 13. Bg5 Nbd7 14. Ne4 h6 15. Bh4 Ne5 16. Nxf6+ Kh8 17. Qe4 Bxf6 18. Bxf6+ Qxf6 19. f4 Nxd3 20. Qxd3 Rfe8 21. f5 g5 22. Rfe1 Rab8 23. b3 b5 24. Rab1 b4 25. Re3 Re5 26. Rbe1 Rbe8 27. Rxe5 Rxe5 28. Rxe5 Qxe5 29. Qf3 Kg7 30. Kf2 a5 31. g4 Kf6 32. Kg2 Qb2+ 33. Qf2 Qxf2+ 34. Kxf2 Ke5 35. Ke2 Ke4 36. Kf2 Kd3 37. Kf3 Kc3 38. Ke3 Kb2 39. Kd2 Kxa2 40. Kc2 Ka3 0-1


[Site "https://www.chess.com"]

[Event "Titled Tuesday Blitz April 11 Early 2023"]
[White "mohsengabr2002"]
[Black "Ibadov, Dashgyn"]
[BlackFideId "24107514"]
[WhiteElo "2430"]
[BlackElo "2208"]
[Result "0-1"]
[Round "10"]
[TimeControl "180+2"]
[Date "2023.04.11"]
[WhiteClock "0:00:29"]
[BlackClock "0:00:26"]

1. e4 e6 2. d3 d5 3. Nd2 Nf6 4. Ngf3 c5 5. g3 Nc6 6. Bg2 g6 7. O-O Bg7 8. Re1 O-O 9. Nf1 dxe4 10. dxe4 Qxd1 11. Rxd1 Nxe4 12. c3 e5 13. Be3 Be6 14. Nxe5 Nxf2 15. Nxc6 Nxd1 16. Ne7+ Kh8 17. Rxd1 Bxa2 18. Bxc5 Rad8 19. Nd5 Rfe8 20. Bxa7 Re2 21. Bf3 Rxb2 22. Nfe3 f5 23. Bc5 Bb3 24. Rd3 Be5 25. Bb4 Kg7 26. Nf4 Bxf4 27. Rxd8 Bxe3+ 28. Kf1 Bc4+ 29. Ke1 Rxh2 30. Rd7+ Kf6 31. Rxb7 Bd2+ 32. Kd1 Bb3# 0-1


[Site "https://www.chess.com"]

[Event "Titled Tuesday Blitz April 11 Early 2023"]
[White "Reefat, Bin-Sattar"]
[Black "Kim, Sergey"]
[WhiteFideId "10200207"]
[BlackFideId "13700570"]
[WhiteElo "2462"]
[BlackElo "2569"]
[Result "1-0"]
[Round "10"]
[TimeControl "180+2"]
[Date "2023.04.11"]
[WhiteClock "0:00:12"]
[BlackClock "0:00:01"]

1. e4 e5 2. Nf3 Nc6 3. Bc4 Bc5 4. d3 Nf6 5. a4 d6 6. c3 a6 7. Nbd2 Ba7 8. h3 O-O 9. Bb3 Nh5 10. Nf1 Qf6 11. Bg5 Qg6 12. g4 Nf4 13. Ng3 Be6 14. Bc2 h6 15. Bxf4 exf4 16. Nh5 d5 17. Nxf4 Qf6 18. Nh5 Qe7 19. Qc1 dxe4 20. dxe4 Bd5 21. O-O Bc4 22. Re1 Ne5 23. Nxe5 Qxe5 24. Qf4 Qe7 25. e5 Be6 26. Nf6+ Kh8 27. Qe4 g6 28. Rad1 Rad8 29. h4 Kg7 30. h5 Qc5 31. Re2 Rxd1+ 32. Bxd1 Rd8 33. Bc2 Bd5 34. Qf4 Bc4 35. hxg6 fxg6 36. Qe4 Kf7 37. Qxg6+ Ke7 38. Qh7+ Bf7 39. e6 Kxf6 40. Qxf7+ Kg5 41. Qh5+ Kf6 42. Qf7+ Kg5 43. Qg6+ Kh4 44. e7 Rd2 45. Rxd2 Qg5 46. Qxg5+ 1-0


[Site "https://www.chess.com"]

[Event "Titled Tuesday Blitz April 11 Early 2023"]
[White "Bas Mas, Jose Joaquin"]
[Black "Petre, Nad-Titus"]
[WhiteFideId "22219064"]
[BlackFideId "1204165"]
[WhiteElo "2233"]
[BlackElo "2354"]
[Result "0-1"]
[Round "10"]
[TimeControl "180+2"]
[Date "2023.04.11"]
[WhiteClock "0:00:09"]
[BlackClock "0:00:19"]

1. e4 d5 2. exd5 Nf6 3. c4 c6 4. d4 cxd5 5. Nc3 g6 6. cxd5 Nbd7 7. Bc4 Nb6 8. Bb3 Bg7 9. Nge2 O-O 10. O-O Bg4 11. h3 Bf5 12. Ng3 Bd7 13. Re1 Re8 14. a4 Nc8 15. Bg5 Nd6 16. a5 Rc8 17. Qf3 h6 18. Bf4 Nc4 19. a6 Qb6 20. Na4 Qxa6 21. Nc5 Qb5 22. Ba4 Rxc5 23. Bxb5 Rxb5 24. b3 Nb6 25. d6 Bc6 26. Qd3 exd6 27. Bxd6 Rd8 28. Bc7 Rd7 29. Be5 a6 30. Rac1 Nbd5 31. Kh2 h5 32. Qe2 h4 33. Nf1 Bh6 34. Nd2 Nh5 35. Rc5 Re7 36. Nc4 Rxb3 37. Qg4 Bf4+ 38. Bxf4 Rxe1 39. Be5 Ndf6 40. Qc8+ Kh7 41. Nd6 Rbb1 0-1


[Site "https://www.chess.com"]